 Dungeon Crawl Stone Soup version 0.27.0-1-g7a089689b8 (webtiles) character file.

Game seed: 4170864905979028304

109 Acheron the Magician (level 4, -3/40 HPs)
             Began as a Troll Hedge Wizard on Aug 1, 2021.
             Was a Priest of Lugonu.
             Slain by Pikel (13 damage)
             ... on level 4 of the Dungeon.
             The game lasted 00:09:43 (1557 turns).

Acheron the Magician (Troll Hedge Wizard)           Turns: 1557, Time: 00:09:51

Health: -3/40      AC:  4    Str: 18    XL:     4   Next: 59%
Magic:  6/6        EV: 10    Int: 10    God:    Lugonu [***...]
Gold:   139        SH:  0    Dex: 10    Spells: 2/7 levels left

rFire    . . .     SeeInvis .     - Unarmed
rCold    + . .     Faith    .   (no shield)
rNeg     . . .     Spirit   .   b - +0 robe
rPois    .         Reflect  .   c - +0 hat
rElec    .         Harm     .   (no cloak)
rCorr    .         Rampage  .   (gloves unavailable)
Will     .....                  (boots unavailable)
Stlth    +.........             (no amulet)
HPRegen  1.13/turn              l - ring of protection from cold
MPRegen  0.10/turn              (no ring)

@: no status effects
A: large, unfitting armour, claws 3, regeneration 1, shaggy fur 1, tough skin 1
a: Renounce Religion, Depart the Abyss, Bend Space, Banish


You were on level 4 of the Dungeon.
You worshipped Lugonu.
Lugonu was most pleased with you.
You visited 1 branch of the dungeon, and saw 4 of its levels.

You collected 139 gold pieces.

Inventory:

Hand Weapons
 d - a +2 trident of venom
 k - a +2 dagger of protection
Armour
 b - a +0 robe (worn)
 c - a +0 hat (worn)
Jewellery
 l - a ring of protection from cold (left claw)
Scrolls
 e - 2 scrolls of identify
 f - 2 scrolls of teleportation
Potions
 h - 2 potions of berserk rage
 i - a potion of curing


   Skills:
 * Level 0.9 Fighting
 * Level 2.1 Dodging
 * Level 1.2 Stealth
 * Level 2.2 Unarmed Combat
 + Level 2.3 Spellcasting
 * Level 0.9 Conjurations
 + Level 0.6 Summonings
 + Level 0.6 Translocations
 * Level 0.5 Invocations


You had 2 spell levels left.
You knew the following spells:

 Your Spells              Type           Power      Damage    Failure   Level
a - Magic Dart            Conj           12%        1d3       21%         1
b - Blink                 Tloc           N/A        N/A       34%         2
c - Call Imp              Summ           2%         N/A       34%         2

Your spell library contained the following spells:

 Spells                   Type           Power      Damage    Failure   Level
 Slow                     Hex            1%         N/A       41%         2
 Conjure Flame            Conj/Fire      2%         6-21      58%         3
 Mephitic Cloud           Conj/Pois/Air  1%         N/A       63%         3
 Summon Lightning Spire   Summ/Air       1%         N/A       95%         4
 Storm Form               Tmut/Air       0%         N/A       100%        7
 Maxwell's Capacitive Co  Air            0%         ∞         100%        8


Dungeon Overview and Level Annotations

Branches:
Dungeon (4/15)
 Temple: D:4-7

Altars:
Lugonu

Annotations:
D:2 1 runed translucent door, Crazy Yiuf
D:3 Sigmund
D:4 exclusion: upstairs, Pikel


Innate Abilities, Weirdness & Mutations

You are too large for most types of armour.
You have claws for hands.
Your natural rate of healing is unusually fast.
You are covered in fur. (AC +1)
You have tough skin. (AC +1)


Message History

The lemure hits you.
You scratch the lemure.
The lemure is severely wounded.
You barely miss Pikel. You closely miss Pikel. You claw Pikel!
Pikel is lightly wounded.
Pikel hits you with a +2 whip of electrocution!
You claw Pikel! You claw Pikel, but do no damage.
Pikel is moderately wounded.
Pikel barely misses you.
You completely miss Pikel.
Pikel is moderately wounded.
Pikel hits you with a +2 whip of electrocution.
You scratch Pikel.
Pikel is heavily wounded.
Pikel closely misses you.
You scratch Pikel.
Pikel is heavily wounded.
Pikel hits you with a +2 whip of electrocution.
You scratch Pikel.
Pikel is heavily wounded.
Pikel hits you with a +2 whip of electrocution.
You closely miss Pikel.
Pikel is heavily wounded.
A lemure comes into view.
Pikel hits you with a +2 whip of electrocution.
You claw Pikel!
Pikel is almost dead.
Pikel says, "All the demons know me.
They respect me."
Pikel hits you with a +2 whip of electrocution!
You scratch Pikel.
Pikel is almost dead.
Pikel hits you with a +2 whip of electrocution!
You scratch Pikel.
Pikel is almost dead.
Pikel says, "Hell isn't that bad."
Pikel hits you with a +2 whip of electrocution.
* * * LOW HITPOINT WARNING * * *
You are electrocuted!
You die...

#+## ####### #....
....... .... .... ..#
...
#.####.###+###.#+#
.....#.#.........#
.###.#.#......#######
.......'...†.55K@..>#
.###.#.#......#######
.....#.#......#
####.#†########
.....#.# .###.#.#
...#.#.# .#.#.#.#
...#.#.#


You could see Pikel and 2 lemures.

Vanquished Creatures
  Robin (D:2)
  2 adders (D:2)
  A worm (D:4)
  3 dart slugs
  5 ball pythons
  5 bats
  6 endoplasms
  4 giant cockroaches
  12 goblins
  8 hobgoblins
  2 jackals (D:2)
  3 kobolds
  4 quokkas
  2 frilled lizards
  2 rats
60 creatures vanquished.

Notes
Turn   | Place    | Note
-------+----------+-------------------------------------------
     0 | D:1      | Acheron the Troll Hedge Wizard began the quest for the Orb.
     0 | D:1      | Reached XP level 1. HP: 16/16 MP: 2/2
    76 | D:1      | Reached XP level 2. HP: 16/24 MP: 4/4
   212 | D:1      | Found a faded altar of an unknown god.
   220 | D:1      | Became a worshipper of Lugonu the Unformed
   220 | D:1      | Reached * piety under Lugonu
   220 | D:1      | Reached ** piety under Lugonu
   420 | D:1      | Reached skill level 1 in Unarmed Combat
   420 | D:1      | Reached XP level 3. HP: 30/32 MP: 5/5
   423 | D:1      | Learned a level 2 spell: Blink
   426 | D:1      | Learned a level 2 spell: Call Imp
   797 | D:2      | Noticed Robin
   826 | D:2      | Killed Robin
   827 | D:2      | Reached XP level 4. HP: 32/40 MP: 6/6
   883 | D:2      | Reached *** piety under Lugonu
   956 | D:2      | Found a runed translucent door.
   980 | D:2      | Noticed Crazy Yiuf
  1479 | D:3      | Noticed Sigmund
  1537 | D:4      | Noticed a lemure
  1544 | D:4      | Noticed Pikel
  1554 | D:4      | Noticed a lemure
  1557 | D:4      | Slain by Pikel

Illustrated notes

Levels and vault maps discovered:
D:1:      lemuel_arrival_hallway, layout_basic, serial_shops,
          nicolae_shop_statue_plus, ebering_ecumenical_altar_sacrificial
D:2:      layout_loops_ring, kennysheep_another_room, uniq_robin,
          uniq_crazy_yiuf_cottage
D:3:      layout_basic, st_stairs_7, grunt_decor_cap, uniq_natasha,
          uniq_jessica, uniq_sigmund
D:4:      layout_basic, nicolae_uskayaw_en_pointe,
          minmay_misc_feat_four_crosses, uniq_eustachio, uniq_pikel

Skill      XL: |  1  2  3  4 |
---------------+-------------+-----
Unarmed Combat | 1 2 |  2.2
Dodging        | 2 |  2.1
Fighting       | |  0.9
Stealth        | |  1.2
Spellcasting   | |  2.3
Conjurations   | |  0.9
Summonings     | |  0.6
Translocations | |  0.6
Invocations    | |  0.5

Action                   |  1- 3 |  4- 6 || total
-------------------------+-------+-------++-------
Melee: Unarmed           |   128 |    57 ||   185
       Punch             |       |     2 ||     2
  Use: Scroll            |       |     6 ||     6
 Stab: Sleeping          |     3 |     2 ||     5
Armor: Robe              |    46 |    16 ||    62
Dodge: Dodged            |    70 |    25 ||    95
